 Dungeon Crawl Stone Soup version 0.17-a0-1887-g3e50df6 (webtiles) character file.

28 dpvblackbelt the Chucker (level 3, 0/36 HPs)
             Began as an Ogre Hunter on Sept 23, 2015.
             Slain by a quokka (3 damage)
             ... on level 2 of the Dungeon.
             The game lasted 00:03:03 (1026 turns).

dpvblackbelt the Chucker (Ogre Hunter)              Turns: 1026, Time: 00:03:03

Health: 0/36       AC:  3    Str: 17    XL:     3   Next: 14%
Magic:  3/3        EV: 10    Int: 10    God:
Gold:   85         SH:  0    Dex: 11    Spells: 0 memorised, 2 levels left

rFire  . . .     SeeInvis .     n - -3 club (curse)
rCold  . . .     Clarity  .     d - +0 robe
rNeg   . . .     SustAt   .     (no shield)
rPois  .         Gourm    .     (helmet restricted)
rElec  .         Spirit   .     (no cloak)
rCorr  .         Warding  .     (gloves unavailable)
rMut   .         Stasis   .     (boots unavailable)
MR     .....                    (no amulet)
Stlth  +.........               (no ring)
                                (no ring)

@: not resistant to hostile enchantments, very unstealthy
A: unfitting armour, tough skin 1
a: no special abilities


You were on level 2 of the Dungeon.
You were not hungry.

You visited 1 branch of the dungeon, and saw 2 of its levels.

You collected 85 gold pieces.

Inventory:

Hand weapons
 c - a +0 short sword
 n - a cursed -3 club (weapon)
   (You took it off a hobgoblin on level 1 of the Dungeon)
Armour
 d - a +0 robe (worn)
Scrolls
 e - 2 scrolls of remove curse {unknown}
 f - a scroll of random uselessness {unknown}
 p - a scroll of identify {unknown}
Potions
 h - a potion of ambrosia {unknown}
 i - a potion of might {unknown}
 j - a potion of flight {unknown}
 k - a potion of lignification {unknown}
 m - 3 potions of heal wounds {unknown}
Comestibles
 g - a meat ration {@e2@e2}
 l - a beef jerky
 o - a bread ration {@e1@e1}


   Skills:
 - Level 2.6 Fighting
 + Level 5.4 Throwing
 - Level 1.7 Dodging
 - Level 0.7 Stealth


You had 2 spell levels left.
You didn't know any spells.

Dungeon Overview and Level Annotations

Branches:
Dungeon (2/15)

Altars:


Innate Abilities, Weirdness & Mutations

You are too large for most types of armour.
You have tough skin (AC +1).


Message History

The goblin is caught in the net!
The goblin shouts!
Aim: a goblin (entangled in a net)
You throw a throwing net {=f, !d}.
The throwing net {=f, !d} hits the goblin.
The goblin struggles to escape the net.
Aim: a goblin (entangled in a net)
You throw a large rock {!d}.
The large rock {!d} hits the goblin but does no damage.
The goblin struggles against the net.
Aim: a goblin (entangled in a net)
You throw a large rock {!d}. The large rock {!d} hits the goblin.
The goblin struggles to escape the net.
The goblin struggles against the net.
The goblin struggles to escape the net.
A kobold comes into view. It is wielding a dagger.
The kobold shouts!
The goblin struggles to escape the net.
The goblin struggles to escape the net.
The goblin breaks free.
There are monsters nearby!
There are monsters nearby!
There are monsters nearby!
You closely miss the goblin. The goblin hits you.
The goblin closely misses you.
You take 3 damage, and have 33/36 hp.
You closely miss the goblin. The kobold misses you.
The goblin closely misses you.
A quokka comes into view.
You barely miss the goblin. The kobold closely misses you. The goblin hits you.
The kobold barely misses you.
You take 3 damage, and have 30/36 hp.
You closely miss the goblin. The goblin completely misses you.
The kobold barely misses you. The goblin misses you.
You closely miss the goblin. The kobold closely misses you.
The goblin hits you.
You take 2 damage, and have 28/36 hp.
You barely miss the goblin. The kobold hits you with a dagger.
The goblin closely misses you.
You take 3 damage, and have 25/36 hp.
You barely miss the goblin. The kobold hits you but does no damage.
The goblin completely misses you. The kobold hits you but does no damage.
The goblin hits you.
You take 1 damage, and have 24/36 hp.
You hit the goblin.
You kill the goblin!
The kobold barely misses you.
You hit the kobold but do no damage. The quokka closely misses you.
The kobold hits you but does no damage. The quokka misses you.
You closely miss the kobold. The kobold barely misses you.
The quokka bites you but does no damage.
The kobold hits you with a dagger.
You take 1 damage, and have 24/36 hp.
You hit the kobold but do no damage. The quokka bites you.
The kobold misses you. The quokka bites you.
You take 6 damage, and have 18/36 hp.
You are too injured to fight recklessly!
You are too injured to fight recklessly!
The quokka barely misses you.
You closely miss the kobold. The kobold hits you with a dagger.
You take 1 damage, and have 18/36 hp.
You hit the kobold but do no damage. The kobold hits you with a dagger.
The kobold barely misses you.
You take 3 damage, and have 15/36 hp.
You closely miss the kobold. The kobold hits you with a dagger.
You take 3 damage, and have 12/36 hp.
You hit the kobold but do no damage. The kobold barely misses you.
You barely miss the kobold. The kobold hits you but does no damage.
The kobold hits you but does no damage.
You hit the kobold.
You kill the kobold!
The quokka completely misses you.
You hit the quokka. The quokka bites you.
You take 2 damage, and have 11/36 hp.
You closely miss the quokka. The quokka completely misses you.
The quokka barely misses you.
You hit the quokka but do no damage. The quokka bites you.
* * * LOW HITPOINT WARNING * * *
You take 2 damage, and have 9/36 hp.
You hit the quokka but do no damage. The quokka misses you.
The quokka closely misses you.
You hit the quokka. The quokka barely misses you.
You closely miss the quokka. The quokka closely misses you.
The quokka barely misses you.
You closely miss the quokka. The quokka bites you.
* * * LOW HITPOINT WARNING * * *
The quokka barely misses you.
You take 4 damage, and have 6/36 hp.
You closely miss the quokka. The quokka bites you.
* * * LOW HITPOINT WARNING * * *
You take 1 damage, and have 5/36 hp.
You closely miss the quokka. The quokka closely misses you.
The quokka barely misses you.
You miss the quokka. The quokka barely misses you.
You hit the quokka but do no damage. The quokka bites you.
* * * LOW HITPOINT WARNING * * *
The quokka bites you.
* * * LOW HITPOINT WARNING * * *
You take 3 damage, and have 2/36 hp.
You hit the quokka. The quokka bites you.
You die...

#..#.# #.....#.####....#### #
#..#.####.#>#.#.##.........#
# #..#.......................
#..#.####.#.#.#.#......... .
#..#.#.............##...# $..
#..#.#.####.###.##..#...#....
#......................(.....
#.####<########.###..........
#......# #.@r...####....
######## ######## .


You could see a quokka.

Vanquished Creatures
  A giant gecko (D:2)
  An orc (D:2)
  2 ball pythons (D:1)
  4 bats
  2 hobgoblins (D:1)
  2 jackals (D:2)
  6 kobolds
  2 giant cockroaches
  2 giant newts
  4 goblins
  A rat (D:1)
27 creatures vanquished.

Notes
Turn   | Place    | Note
--------------------------------------------------------------
     0 | D:1      | dpvblackbelt the Ogre Hunter began the quest for the Orb.
     0 | D:1      | Reached XP level 1. HP: 22/22 MP: 1/1
   236 | D:1      | Reached XP level 2. HP: 27/29 MP: 2/2
   318 | D:1      | Reached skill level 5 in Throwing
   852 | D:2      | Reached XP level 3. HP: 28/36 MP: 3/3
  1017 | D:2      | HP: 9/36 [quokka (2)]
  1022 | D:2      | HP: 5/36 [quokka (1)]
  1025 | D:2      | HP: 2/36 [quokka (2)]
  1026 | D:2      | Slain by a quokka

Vault maps used:
D:1:      saegor_arrival_simple_e, minmay_misc_feat_more_columns
D:2:      first_bread, nrook_mini_backslash

Action                   || total
-------------------------++-------
Melee: Short sword       ||    16
       Club              ||    76
Throw: Large rock        ||    32
       Throwing net      ||    20
  Eat: Bread ration      ||     1

Vault maps used:
D:1:      saegor_arrival_simple_e, minmay_misc_feat_more_columns
D:2:      first_bread, nrook_mini_backslash

Table legend:
 A = Turns spent in this place as a percentage of turns spent in the entire game.
 B = Non-inter-level travel turns spent in this place as a percentage of non-inter-level travel turns spent in the entire game.
 C = Inter-level travel turns spent in this place as a percentage of turns spent in this place.
 D = Turns resting spent in this place as a percentage of non-inter-level travel turns spent in this place.
 E = Turns spent auto-exploring this place as a percentage of non-inter-level travel turns spent in this place.
 F = Non-inter-level travel turns spent in this place divided by the number of levels of this place that you've seen.
                   A       B       C       D       E      F
               +-------+-------+-------+-------+-------+----------------------
         Total | 100.0 | 100.0 |   0.5 |   0.0 |  10.8 | 195.0
       Dungeon | 100.0 | 100.0 |   0.5 |   0.0 |  10.8 | 195.0
               +-------+-------+-------+-------+-------+----------------------

Table legend:
 A = Kills in this place as a percentage of kills in entire the game.
 B = Kills by you in this place as a percentage of kills by you in the entire game.
 C = Kills by friends in this place as a percentage of kills by friends in the entire game.
 D = Other kills in this place as a percentage of other kills in the entire game.
 E = Experience gained in this place as a percentage of experience gained in the entire game.
 F = Experience gained in this place divided by the number of levels of this place that you have seen.
                   A       B       C       D       E      F
               +-------+-------+-------+-------+-------+----------------------
         Total | 100.0 | 100.0 |  -nan |  -nan | 100.0 |  20.5
       Dungeon | 100.0 | 100.0 |  -nan |  -nan | 100.0 |  20.5
               +-------+-------+-------+-------+-------+----------------------
